 Dungeon Crawl Stone Soup version 0.17.0-22-g5edae84 (webtiles) character file.

134 HaroldButt the Chopper (level 5, -4/41 HPs)
             Began as a Formicid Fighter on Nov 12, 2015.
             Slain by an ogre
             ... wielding a cursed -1 giant club
              (19 damage)
             ... on level 4 of the Dungeon.
             The game lasted 00:06:49 (3153 turns).

HaroldButt the Chopper (Formicid Fighter)           Turns: 3153, Time: 00:06:50

Health: -4/41      AC: 12    Str: 21    XL:     5   Next: 40%
Magic:  5/5        EV:  9    Int:  7    God:
Gold:   220        SH:  0    Dex: 11    Spells: 0 memorised, 4 levels left

rFire  . . .     SeeInvis +     a - +0 war axe
rCold  . . .     Clarity  .     b - +0 scale mail
rNeg   . . .     SustAt   .     (no shield)
rPois  .         Gourm    .     (helmet unavailable)
rElec  .         Spirit   .     t - +1 cloak
rCorr  .         Warding  .     (no gloves)
rMut   .         Stasis   +     j - +2 pair of boots
MR     .....                    (no amulet)
Stlth  ..........               (no ring)
                                (no ring)

@: not resistant to hostile enchantments, extremely unstealthy
A: permanent stasis, dig shafts and tunnels, four strong arms, antennae 3
a: Dig, Shaft Self


You were on level 4 of the Dungeon.
You were not hungry.

You visited 1 branch of the dungeon, and saw 4 of its levels.

You collected 220 gold pieces.

Inventory:

Hand Weapons
 a - a +0 war axe (weapon)
Missiles
 x - 76 stones (quivered)
Armour
 b - a +0 scale mail (worn)
 c - a +0 shield
 j - a +2 pair of boots (worn)
 t - a +1 cloak (worn)
Wands
 m - a wand of invisibility (4)
 s - a wand of enslavement (11)
Scrolls
 h - a scroll of identify
Potions
 d - 2 potions of might
 f - a potion of brilliance
 g - 2 potions of resistance
 k - 2 potions of cure mutation
 l - a potion of cancellation
 n - 3 potions of curing
 v - 2 potions of heal wounds
Comestibles
 e - 4 bread rations
 i - 3 meat rations
 o - 3 slices of pizza
 p - a chunk of flesh
 w - 5 fruits


   Skills:
 - Level 3.2 Fighting
 + Level 5.2 Axes
 - Level 3.2 Armour
 - Level 3.6 Shields


You had 4 spell levels left.
You didn't know any spells.

Dungeon Overview and Level Annotations

Branches:
Dungeon (4/15)
 Temple: D:4-7

Altars:
Dithmenos


Innate Abilities, Weirdness & Mutations

You are under a permanent stasis effect.
You can dig through walls and to a lower floor.
Your four strong arms can wield two-handed weapons with a shield.
You have a pair of large antennae on your head (SInv).


Message History

Found a stone staircase leading up.
Found a scale mail.
No target in view!
Found 10 arrows.
There is a stone staircase leading up here.
Found 23 bolts.
Found a stone staircase leading down.
Found a pair of gloves.
An ogre comes into view. It is wielding a giant club.
The ogre shouts!
The ogre hits you with a giant club.
You see here 8 gold pieces.
You slash the ogre!
The ogre is heavily wounded.
The ogre hits you with a giant club!!
You barely miss the ogre.
The ogre is heavily wounded.
The ogre hits you with a giant club. The ogre hits you with a giant club!!
You die...

#....# ###..#.........#
#....####..............#
#...............####+###
#........#......# #(######
##.....###.....####......#
#.##..###..##.##........#
#.###..#..###..#........#
###..##.....##............######
#..............@...........<....
#..##.........##O.##............
#.# ##..._...# ##...............
#..##.........##.........[......
#....................###........
###..##.....##.......# #........
#.## ..#..###..###.# #........
###.##..###..##..###.# #########
#.'.....# #.......##.#


You could see an ogre.

Vanquished Creatures
  Robin (D:2)
  3 adders
  A worm (D:4)
  A giant gecko (D:3)
  An orc (D:3)
  A ball python (D:2)
  2 giant cockroaches
  9 hobgoblins
  11 jackals
  12 kobolds
  2 quokkas (D:2)
  9 bats
  A giant newt (D:2)
  21 goblins
  9 rats
84 creatures vanquished.

Notes
Turn   | Place    | Note
--------------------------------------------------------------
     0 | D:1      | HaroldButt the Formicid Fighter began the quest for the Orb.
     0 | D:1      | Reached XP level 1. HP: 18/18 MP: 1/1
   228 | D:1      | Reached XP level 2. HP: 18/24 MP: 2/2
   630 | D:1      | Reached XP level 3. HP: 14/29 MP: 3/3
   997 | D:2      | Noticed Robin
  1030 | D:2      | Killed Robin
  1034 | D:2      | Reached skill level 4 in Axes
  1034 | D:2      | Reached XP level 4. HP: 7/35 MP: 4/4
  2000 | D:3      | Reached XP level 5. HP: 38/41 MP: 5/5
  2148 | D:3      | Found a faded altar to an unknown god.
  2578 | D:2      | Found a shadowy altar of Dithmenos.
  2579 | D:2      | Reached skill level 5 in Axes
  3021 | D:4      | Found a shadowy altar of Dithmenos.
  3132 | D:4      | Noticed an ogre
  3153 | D:4      | Slain by an ogre

Action                   |  1- 3 |  4- 6 || total
-------------------------+-------+-------++-------
Melee: War axe           |   129 |   166 ||   295
 Abil: Dig               |     1 |       ||     1
  Use: Scroll            |       |    14 ||    14
  Eat: Chunk             |       |     8 ||     8
